 Dungeon Crawl Stone Soup version 0.29-a0-870-g2c972031a6 (webtiles) character file.

Game seed: 13153478971437175438

463 jimonade the Trooper (level 7, -2/56 HPs)
             Began as a Formicid Fighter on July 18, 2022.
             Was an Initiate of Okawaru.
             Slain by a gnoll
             ... wielding a +1 vorpal spear
             ... led by a gnoll bouda
              (6 damage)
             ... on level 5 of the Dungeon.
             The game lasted 00:08:45 (4099 turns).

jimonade the Trooper (Formicid Fighter)             Turns: 4099, Time: 00:08:46

Health: -2/56      AC:  8    Str: 20    XL:     7   Next: 29%
Magic:  11/11      EV:  9    Int: 10    God:    Okawaru [......]
Gold:   236        SH:  6    Dex: 13    Spells: 11/11 levels left

rFire   . . .      SeeInvis +   a - +1 quarterstaff
rCold   . . .      Faith    .   c - +1 buckler
rNeg    . . .      Spirit   .   w - +0 scale mail
rPois   .          Reflect  .   (helmet unavailable)
rElec   .          Harm     .   (no cloak)
rCorr   .          Rampage  .   (no gloves)
Will    +....                   q - +0 pair of boots
Stlth   ..........              (no amulet)
HPRegen 0.18/turn               y - ring of willpower
MPRegen 0.12/turn               (no ring)

@: weakened
A: permanent stasis, dig shafts and tunnels, antennae 3, four strong arms
a: Dig, Shaft Self, Renounce Religion


You were on level 5 of the Dungeon.
You worshipped Okawaru.
Okawaru was noncommittal.
You visited 1 branch of the dungeon, and saw 5 of its levels.

You collected 236 gold pieces.

Inventory:

Hand Weapons
 a - a +1 quarterstaff (weapon)
 b - a +0 triple crossbow
 s - a +1 dagger of venom
 C - a +0 sling
Missiles
 j - 5 boomerangs
 k - 16 poisoned darts
 v - 29 stones
Armour
 c - a +1 buckler (worn)
 q - a +0 pair of boots (worn)
 w - a +0 scale mail (worn)
Jewellery
 t - a ring of ice
 y - a ring of willpower (left hand)
Scrolls
 g - a scroll of enchant armour
 i - 2 scrolls of vulnerability
 m - a scroll of fear
Potions
 d - 3 potions of might
 e - 2 potions of heal wounds
 h - 2 potions of curing
 o - 2 potions of mutation
 u - a potion of brilliance
 x - 3 potions of flight
 z - a potion of cancellation {unknown}
 B - a potion of resistance


   Skills:
 * Level 5.0 Fighting
 + Level 3.9 Staves
 + Level 1.5 Ranged Weapons
 + Level 4.3 Armour
 + Level 1.0 Dodging
 + Level 4.6 Shields
 * Level 2.9 Spellcasting


You had 11 spell levels left.
You didn't know any spells.
Your spell library contained the following spells:

 Spells                   Type           Power      Damage    Failure   Level
 Foxfire                  Conj/Fire      4%         2x1d4     67%         1
 Ensorcelled Hibernation  Hex/Ice        2%         N/A       82%         2
 Conjure Flame            Conj/Fire      1%         6-21      96%         3
 Ignite Poison            Fire/Tmut/Pois 1%         N/A       96%         3
 Inner Flame              Hex/Fire       1%         N/A       96%         3
 Spider Form              Tmut/Pois      1%         N/A       96%         3
 Anguish                  Hex/Necr       0%         N/A       100%        4
 Flame Wave               Conj/Fire      1%         2d4       100%        4
 Sticky Flame             Conj/Fire      1%         2d3       100%        4


Dungeon Overview and Level Annotations

Branches:
Dungeon (5/15)
 Temple: D:4-7

Altars:
Makhleb
Okawaru
Wu Jian
Xom
Zin
The Shining One

Shops:
D:1 ?   D:4 :


Innate Abilities, Weirdness & Mutations

You cannot be hasted, slowed, berserked, paralysed or teleported.
You can dig through walls and to a lower floor.
You have a pair of large antennae on your head. (SInv)
Your four strong arms can wield two-handed weapons with a shield.


Message History

The gnoll hits you with a +0 flail.
You hit the gnoll bouda.
The gnoll bouda is lightly wounded.
The gnoll hits you with a +0 flail.
The gnoll bouda gazes fiercely through you!
You feel your attacks grow feeble.
You hit the gnoll bouda.
The gnoll bouda is heavily wounded.
The gnoll bouda hits you with a +0 whip.
The gnoll hits you with a +0 flail.
The gnoll hits you from afar with a +1 vorpal spear!
You closely miss the gnoll bouda.
The gnoll bouda is heavily wounded.
The gnoll bouda barks out a call to the hunt!
The gnolls pick up the pace!
The gnoll hits you but does no damage. x2
You hear a shout!
You closely miss the gnoll bouda.
The gnoll bouda is heavily wounded.
Your attacks no longer feel as feeble.
The gnoll hits you with a +0 flail! The gnoll barely misses you.
The gnoll bouda hits you with a +0 whip.
You sock the gnoll bouda!
The gnoll bouda is almost dead.
The gnoll hits you with a +0 flail.
The gnoll hits you from afar with a +1 vorpal spear.
The gnoll bouda gazes fiercely through you!
You feel your attacks grow feeble.
The gnoll bouda hits you with a +0 whip.
* * * LOW HITPOINT WARNING * * *
The gnoll attacks as you move away! The gnoll hits you with a +0 flail!
* * * LOW HITPOINT WARNING * * *
The gnoll bouda gazes fiercely through you!
You feel as though you will be weak longer.
The gnoll bouda hits you but does no damage.
You block the gnoll's attack.
You closely miss the gnoll. The gnoll hits you with a +0 flail.
* * * LOW HITPOINT WARNING * * *
The gnoll hits you with a +1 vorpal spear.
You die...

#.....<....#####...#
####.........#....##
...........###.##.#
#######.###§§######
...##.§§§§§§§§
##..##..§§§§§§§
#..##..§§§§§§.
#...#gg.###### ..#
#@### { #g# ..# ...#
....# ....<# .....##
......


You could see a gnoll bouda and 2 gnolls.

Vanquished Creatures
  Menkaure (D:4)
  A black bear (D:4)
  A scorpion (D:4)
  2 orc wizards
  2 adders (D:2)
  A shadow imp (D:4)
  A white imp (D:4)
  An ufetubus (D:4)
  3 worms (D:2)
  2 dart slugs
  7 orcs
  4 endoplasms
  2 giant cockroaches (D:1)
  5 goblins
  7 hobgoblins
  15 jackals
  2 quokkas
  11 ball pythons
  5 bats
  6 frilled lizards
  7 kobolds
  7 rats
93 creatures vanquished.

Notes
Turn   | Place    | Note
-------+----------+-------------------------------------------
     0 | D:1      | jimonade the Formicid Fighter began the quest for the Orb.
     0 | D:1      | Reached XP level 1. HP: 18/18 MP: 1/1
    31 | D:1      | Reached XP level 2. HP: 22/24 MP: 2/2
   148 | D:1      | Found a faded altar of an unknown god.
   283 | D:1      | Reached XP level 3. HP: 23/30 MP: 3/3
   679 | D:1      | Reached skill level 1 in Spellcasting
   765 | D:1      | Found Zaziek Geap's Magic Scroll Boutique.
   971 | D:2      | Reached XP level 4. HP: 37/37 MP: 5/5
  1110 | D:2      | HP: 1/37 [poisoned by a goblin]
  1422 | D:2      | Reached skill level 4 in Fighting
  1459 | D:2      | Found a glowing golden altar of the Shining One.
  1880 | D:3      | Reached XP level 5. HP: 21/42 MP: 7/7
  2116 | D:3      | Found a burning altar of Makhleb.
  2533 | D:3      | Found an ornate altar of the Wu Jian Council.
  2625 | D:4      | Noticed a black bear
  2625 | D:4      | Found Tuoguan's Book Shop.
  2643 | D:4      | Killed a black bear
  2644 | D:4      | Reached skill level 1 in Ranged Weapons
  2644 | D:4      | Reached XP level 6. HP: 7/49 MP: 7/9
  3149 | D:4      | Noticed Menkaure
  3156 | D:4      | HP: 2/49 [Menkaure (18)]
  3157 | D:4      | Killed Menkaure
  3494 | D:4      | Reached XP level 7. HP: 55/55 MP: 10/10
  3511 | D:4      | Reached skill level 1 in Dodging
  3905 | D:5      | Entered Level 5 of the Dungeon
  3905 | D:5      | Found an iron altar of Okawaru.
  3929 | D:4      | Reached skill level 5 in Fighting
  4027 | D:5      | Became a worshipper of Warmaster Okawaru
  4047 | D:5      | Found a shimmering altar of Xom.
  4049 | D:5      | Noticed an angel
  4075 | D:5      | Found a glowing silver altar of Zin.
  4099 | D:5      | Slain by a gnoll

Illustrated notes

Levels and vault maps discovered:
D:1:      lightli_arrival_noodles, layout_rooms, serial_shops,
          nicolae_shop_stone, shapermc_ecumenical_altar_mp_ritualfount,
          minmay_octomino_c4
D:2:      layout_rooms, basic_altar
D:3:      layout_loops_cross, mainiacjoe_overflow_swirl, serial_bayou_pond_e,
          corexii_item_surrounded_by_moat
D:4:      layout_gridville, serial_shops, shop, uniq_menkaure
D:5:      layout_loops_ring, grunt_temple_overflow_order_and_chaos_1,
          beargit_hepliaklqana_dungeon_heroes, okawaru_ov_weapons_minmay,
          temple_fountains, chequers_garden, uniq_crazy_yiuf_cottage

Skill      XL: |  1  2  3  4  5  6  7 |
---------------+----------------------+-----
Spellcasting   | 1 2 |  2.9
Fighting       | 4 5 |  5.0
Staves         | 3 |  3.9
Ranged Weapons | 1 |  1.5
Armour         | 4 |  4.3
Dodging        | 1 |  1.0
Shields        | |  4.6

Action                   |  1- 3 |  4- 6 |  7- 9 || total
-------------------------+-------+-------+-------++-------
Melee: Quarterstaff      |   117 |   125 |    43 ||   285
 Fire: Sling             |       |    25 |       ||    25
       Triple crossbow   |       |       |     4 ||     4
  Use: Scroll            |       |       |    14 ||    14
Armor: Scale mail        |    62 |    74 |    35 ||   171
Dodge: Dodged            |    55 |    64 |    26 ||   145
Block: Buckler           |    28 |    35 |    12 ||    75

Table legend: (Time is in decaauts)
 A = Elapsed time spent in this place.
 B = Non-inter-level travel time spent in this place.
 C = Inter-level travel time spent in this place.
 D = Time resting spent in this place.
 E = Time spent auto-exploring this place.
 F = Levels seen in this place.
 G = Mean time per level.
                   A        B        C        D        E       F      G
               +--------+--------+--------+--------+--------+-----+--------+
         Total |   4163 |   4056 |    107 |   1112 |   2029 |   5 |  832.6 |
       Dungeon |   4163 |   4056 |    107 |   1112 |   2029 |   5 |  832.6 |
               +--------+--------+--------+--------+--------+-----+--------+

Top non-repeatable levels by time:
     D:4: 1128 daAuts
     D:3: 1103 daAuts
     D:2: 990 daAuts
     D:1: 835 daAuts
     D:5: 106 daAuts
